Map: Alcyone LE

Players

Phranck

  • Race: Terran Terran
  • League: Platinum
  • Spawn Location: 1:00

Cheater 1 (Resources)

  • Race: Terran Terran
  • Spawn Location: 7:00

VOD

Have the link to the VOD?

Description

Time

  • Played on: Feb. 7, 2025, 11:15 p.m.
  • Length: 12:14
Show
View Real Time Build Order
Export as new Build Order

Phranck Terran 

Build Orders: Reaper Expand 

Get SALT Encoding   

  12  0:00  SCV  
  13  0:12  SCV  
  14  0:17  Supply Depot  
  14  0:24  SCV  
  15  0:38  SCV  
  15  0:40  Barracks  
  16  0:43  Refinery  
  16  0:50  SCV  
  17  1:02  SCV  
  18  1:15  SCV  
  19  1:28  Reaper  
  19  1:29  Orbital Command  
  20  1:43  Command Center  
  20  1:55  Supply Depot  
  20  2:01  SCV  
  21  2:10  Barracks Reactor  
  21  2:13  SCV  
  22  2:22  Factory  
  22  2:25  SCV  
  23  2:30  Bunker  
  23  2:37  SCV  
  24  2:49  SCV  
  24  2:50  Refinery  
  25  2:53  Marine x2  
  25  2:57  Orbital Command  
  27  3:01  SCV  
  28  3:06  Factory Tech Lab  
  28  3:09  Starport  
  28  3:11  Marine  
  29  3:14  SCV  
  30  3:25  SCV  
  30  3:26  SCV  
  32  3:34  Marine x2  
  32  3:35  Siege Tank  
  32  3:37  SCV  
  38  3:43  SCV  
  39  3:49  SCV  
  39  3:51  Supply Depot  
  39  3:52  Marine  
  41  4:02  Barracks  
  41  4:04  Barracks  
  41  4:06  Barracks  
  41  4:07  Barracks  
  41  4:08  SCV x2  
  43  4:18  Viking  
  43  4:20  SCV  
  43  4:21  Marine x2  
  48  4:24  Factory Reactor  
  48  4:25  SCV  
  49  4:32  SCV  
  50  4:39  Marine x2  
  52  4:48  Starport Tech Lab  
  52  4:54  Barracks Tech Lab  
  52  4:58  Barracks Reactor  
  52  5:05  SCV  
  52  5:06  SCV  
  54  5:09  Factory Tech Lab  
  54  5:14  Supply Depot  
  54  5:15  Supply Depot  
  54  5:17  Supply Depot  
  54  5:18  Supply Depot  
  54  5:26  Marine  
  54  5:32  Stimpack  
  54  5:35  Combat Shield, Marine x3  
  54  5:36  Raven, SCV x2  
  54  5:37  Supply Depot  
  54  5:39  Engineering Bay  
  61  5:43  Supply Depot  
  61  5:45  Refinery  
  61  5:46  Refinery  
  61  5:47  Engineering Bay  
  61  5:48  SCV  
  62  5:52  SCV  
  62  5:55  Marine x5, Marauder x2  
  72  6:00  SCV  
  72  6:04  SCV  
  74  6:05  Marine  
  74  6:09  Terran Infantry Weapons Level 1  
  75  6:12  SCV  
  75  6:13  Marine  
  75  6:15  Siege Tank  
  75  6:16  SCV, Marauder  
  83  6:24  SCV  
  83  6:25  Terran Infantry Armor Level 1  
  84  6:26  Marine x2  
  84  6:28  SCV  
  87  6:34  Marine x2  
  87  6:35  Marine  
  87  6:37  Medivac  
  92  6:42  Marine  
  92  6:43  Marine x2  
  92  6:44  Marine x2  
  97  6:52  Marine x2  
  97  6:53  Marine  
  100  6:55  Supply Depot  
  100  6:56  Supply Depot  
  100  7:00  Marine x2  
  102  7:02  Supply Depot  
  102  7:04  Supply Depot  
  102  7:08  Marine x3  
  104  7:09  Marine  
  104  7:10  Marine  
  104  7:11  Marine  
  108  7:23  Marine x2  
  108  7:26  Marine  
  108  7:28  Supply Depot  
  111  7:31  Starport Reactor  
  98  8:42  Marine  
  98  8:43  Marine x7  
  98  8:44  Siege Tank  
  98  8:45  Medivac x2  
  103  9:00  Marine x4  
  103  9:01  Marine  
  103  9:02  Marine x2  
  108  9:10  Marine  
  108  9:14  Medivac  
  108  9:15  Medivac  
  108  9:16  Siege Tank  
  116  9:18  Marine x4  
  116  9:23  Factory  
  116  9:24  Factory, Barracks  
  120  9:26  Barracks  
  120  9:28  Supply Depot  
  120  9:29  Barracks  
  120  9:30  Barracks  
  120  9:33  Armory  
  117  9:45  Command Center  
  117  9:48  Siege Tank  
  117  9:49  Marine x3  
  117  9:50  Marine x4, Marauder  
  117  9:51  Supply Depot  
  129  9:53  Medivac  
  131  10:06  Factory Tech Lab  
  131  10:07  Marine x7, Factory Tech Lab  
  138  10:15  Supply Depot  
  138  10:20  Siege Tank  
  141  10:28  Siege Tank x2  
  147  10:38  Supply Depot  
  135  10:52  Siege Tank  
  138  11:00  Siege Tank x2  
  142  11:06  Supply Depot  
  137  11:23  Marine x9  
  137  11:24  Marine x3  
  141  11:41  Marine x12  
Show
View Real Time Build Order
Export as new Build Order

Cheater 1 (Resources) Terran 

Build Orders:  

Get SALT Encoding   

  12  0:00  SCV  
  13  0:13  SCV  
  14  0:18  Supply Depot  
  14  0:25  SCV  
  15  0:40  SCV  
  16  0:43  Barracks  
  16  0:52  SCV  
  18  1:04  SCV  
  18  1:16  Supply Depot, SCV  
  19  1:20  Refinery  
  19  1:28  SCV  
  19  1:29  Marine  
  21  1:40  SCV  
  22  1:47  Marine  
  22  1:51  Barracks  
  22  1:52  SCV  
  22  1:53  Refinery  
  24  2:00  Supply Depot  
  24  2:04  SCV  
  24  2:05  Marine  
  26  2:16  SCV  
  26  2:22  Factory, Marine  
  27  2:29  SCV  
  29  2:37  Marine  
  29  2:40  Marine  
  29  2:41  SCV  
  32  2:53  SCV  
  32  2:55  Marine  
  32  2:58  Marine  
  34  3:05  Orbital Command  
  35  3:11  Starport  
  35  3:13  Supply Depot  
  35  3:14  Barracks Tech Lab  
  35  3:17  Barracks Tech Lab  
  35  3:32  Marine  
  36  3:34  Stimpack  
  36  3:37  Supply Depot  
  36  3:39  Marine  
  37  3:47  Medivac  
  39  3:48  Supply Depot  
  39  3:50  Marine  
  40  4:04  Combat Shield  
  40  4:17  Medivac  
  40  4:18  Barracks  
  40  4:23  Marine x2  
  44  4:25  SCV  
  44  4:31  Supply Depot  
  45  4:33  Command Center  
  45  4:41  Marauder x2  
  49  4:47  Medivac  
  49  4:52  Engineering Bay  
  51  4:58  Engineering Bay  
  51  5:02  Marine  
  51  5:03  Marauder  
  51  5:05  Marine  
  55  5:17  Barracks  
  55  5:19  Terran Infantry Weapons Level 1  
  55  5:20  Marine  
  56  5:24  Terran Infantry Armor Level 1, Marauder  
  56  5:25  Barracks Reactor  
  58  5:31  Starport Reactor  
  58  5:38  Marauder  
  58  5:39  Missile Turret  
  60  5:45  Marine  
  60  5:46  SCV x2  
  60  5:48  Refinery  
  63  5:55  Refinery  
  63  5:58  SCV  
  63  5:59  SCV  
  63  6:00  Marauder  
  63  6:03  Marauder  
  69  6:10  SCV  
  69  6:11  SCV  
  71  6:16  Marine x3  
  74  6:21  Marauder  
  74  6:22  SCV  
  74  6:25  Orbital Command, Supply Depot  
  77  6:34  SCV  
  78  6:44  Concussive Shells, Marauder x2  
  78  6:46  SCV, Missile Turret  
  83  6:50  SCV  
  84  6:59  Command Center  
  84  7:06  Marauder  
  86  7:09  Supply Depot, SCV  
  86  7:11  SCV  
  88  7:18  Factory Tech Lab  
  88  7:21  SCV  
  89  7:23  SCV  
  90  7:31  Marauder  
  90  7:32  Supply Depot  
  90  7:33  SCV  
  90  7:35  SCV  
  90  7:36  Siege Tank  
  97  7:45  SCV  
  97  7:47  SCV  
  98  7:51  Marine  
  98  7:57  SCV  
  96  7:59  Supply Depot, SCV  
  96  8:00  Marauder  
  99  8:08  Siege Tank  
  99  8:10  Armory, Marauder  
  102  8:14  SCV  
  102  8:16  SCV  
  102  8:18  SCV  
  101  8:20  Marine  
  101  8:22  Marine  
  101  8:23  Marine  
  101  8:25  Marine  
  101  8:26  SCV  
  100  8:29  SCV  
  100  8:30  SCV  
  100  8:31  Marine  
  102  8:38  Marine, SCV  
  102  8:40  Siege Tank, Marine  
  102  8:41  Marine, SCV  
  91  8:42  SCV, Marine  
  88  8:49  Marine  
  88  8:50  SCV  
  88  8:53  SCV  
  88  8:54  SCV  
  88  8:56  Marine  
  88  8:58  Marine  
  88  8:59  Marauder, Terran Infantry Weapons Level 2  
  88  9:00  Marine  
  88  9:02  SCV  
  89  9:03  Missile Turret  
  89  9:05  SCV  
  89  9:06  Marine  
  89  9:07  SCV  
  87  9:12  Missile Turret  
  87  9:13  Siege Tank  
  87  9:14  SCV, Marine  
  87  9:15  Missile Turret  
  87  9:16  Marine  
  91  9:17  SCV  
  91  9:18  Marine  
  91  9:20  Medivac  
  91  9:21  Marauder  
  91  9:22  Viking  
  97  9:24  Marine  
  97  9:29  Orbital Command  
  97  9:31  Terran Infantry Armor Level 2  
  97  9:32  Marine  
  97  9:33  Marine  
  97  9:36  Marine  
  100  9:41  Missile Turret  
  100  9:42  Marine  
  100  9:43  Marauder  
  100  9:44  Factory  
  100  9:45  Siege Tank  
  106  9:47  Supply Depot  
  106  9:50  Viking, Marine  
  106  9:51  Marine  
  106  9:52  Viking  
  112  9:54  Marine  
  112  9:59  Marine  
  113  10:03  Starport  
  113  10:04  Marauder  
  113  10:06  Missile Turret  
  116  10:07  Refinery  
  116  10:09  Refinery  
  116  10:13  Armory  
  116  10:15  Supply Depot, Marine x2  
  116  10:16  Command Center  
  116  10:17  Siege Tank  
  116  10:18  Marauder  
  116  10:20  Viking  
  125  10:22  Liberator  
  125  10:25  Marauder  
  130  10:28  Factory Tech Lab  
  130  10:36  SCV  
  130  10:37  SCV x2  
  130  10:39  Liberator, Supply Depot, Marine x2, Marauder  
  130  10:40  Marine  
  117  10:46  Siege Tank, Marine  
  117  10:49  Siege Tank, SCV  
  98  10:50  Viking  
  96  10:57  Marine x2  
  96  10:58  Marine  
  96  11:00  SCV, Marine  
  96  11:03  SCV  
  92  11:04  Marine  
  92  11:05  Viking, SCV  
  86  11:12  SCV  
  86  11:15  SCV, Marine x2  
  86  11:16  Marine  
  86  11:18  Siege Tank, Marine  
  76  11:20  Medivac  
  76  11:21  Siege Tank  
  76  11:22  Marine  
  76  11:23  Starport Tech Lab  
  76  11:24  SCV  
  73  11:27  SCV  
  73  11:28  SCV  
  73  11:32  Marine x2  
  72  11:34  Marine  
  72  11:35  Viking  
  72  11:36  Marauder  
  72  11:37  SCV  
  72  11:39  SCV  
  71  11:40  SCV, Marine  
  71  11:41  Viking  
  71  11:43  Refinery  
  57  11:49  SCV  
  57  11:50  Marine x2  
  57  11:51  Marine, Command Center  
  70  11:54  SCV x2  
Tags
 
League
Platinum
Matchup
TvT
Race
Terran
Spawn Locations
Cross Positions
Add a new tag
Caveats
  • Supply blocks, unpowered buildings, or Contaminate may cause inaccurate times.
  • Supply counts are checked every 10 seconds.